 Dungeon Crawl Stone Soup version 0.30-a0-29-g142975f185 (webtiles) character file.

Game seed: 8326540506556668593

203 Ijustatesigmund the Trooper (level 5, -3/51 HPs)
             Began as a Gargoyle Fighter on Aug 26, 2022.
             Killed by divine providence
             ... invoked by an orc priest
              (13 damage)
             ... on level 4 of the Dungeon.
             The game lasted 00:04:41 (3375 turns).

Ijustatesigmund the Trooper (Gargoyle Fighter)      Turns: 3375, Time: 00:04:41

Health: -3/51      AC: 22    Str: 20    XL:     5   Next: 81%
Magic:  5/5        EV:  2    Int:  8    God:
Gold:   89         SH:  9    Dex:  9    Spells: 4/4 levels left

rFire   . . .      SeeInvis .    a - +0 flail (chaos)
rCold   . . .      Faith    .    c - +0 buckler
rNeg    + . .      Spirit   .    (body armour currently unavailable)
rPois   ∞          Reflect  +    (helmet currently unavailable)
rElec   .          Harm     .    (cloak currently unavailable)
rCorr   .          Rampage  .    (gloves currently unavailable)
Will    .....      NoTele   +    (boots currently unavailable)
Stlth   +.........               p - amulet of reflection
HPRegen 0.17/turn                (no ring)
MPRegen 0.09/turn                (no ring)

@: tree-form
A: stationary, stasis, torment immunity, boosted hp, sickness immunity, AC +4,
negative energy resistance 1, (electricity resistance), torment resistance 1,
petrification resistance, (camouflage 1), dopey 1
a: no special abilities


You were on level 4 of the Dungeon.
You were a tree.
You visited 1 branch of the dungeon, and saw 4 of its levels.

You collected 89 gold pieces.

Inventory:

Hand Weapons
 a - a +0 flail of chaos (weapon)
Armour
 b - a +0 scale mail (melded)
 c - a +0 buckler (worn)
 e - a +0 pair of gloves (melded)
Jewellery
 p - an amulet of reflection (around neck)
Scrolls
 k - a scroll of identify {unknown}
 l - a scroll of enchant weapon {unknown}
 m - a scroll of fog {unknown}
Potions
 f - 4 potions of curing
 i - a potion of haste {unknown}
 o - a potion of mutation


   Skills:
 + Level 4.4 Fighting
 + Level 3.8 Maces & Flails
 - Level 4.0 Armour
 + Level 0.8 Dodging
 - Level 4.1 Shields


You had 4 spell levels left.
You didn't know any spells.
Your spell library was empty.

Dungeon Overview and Level Annotations

Branches:
Dungeon (4/15)
 Temple: D:4-7

Altars:
Uskayaw


Innate Abilities, Weirdness & Mutations

You are a tree.
Your roots penetrate the ground, keeping you stationary.
You cannot be teleported.
You are immune to unholy pain and torment.
Your maximum health is greatly increased.
Your equipment is partially melded.
You are immune to sickness and miasma.
((Your stone body is resilient. (AC +4)))
You are immune to poison.
You resist negative energy. (rN+)
((You are resistant to electric shocks. (rElec)))
You are resistant to unholy torment.
You are immune to petrification.
((Your skin changes colour to match your surroundings (Stealth+).))
You are dopey. (Int -2)


Message History

You kill the jackal!
You block the jackal's attack.
You closely miss the jackal.
The jackal is moderately wounded.
The jackal bites you but does no damage.
You block the jackal's attack.
You sock the jackal! You freeze the jackal.
You kill the jackal!
You completely miss the orc priest.
The orc priest is moderately wounded.
The orc priest hits you but does no damage. x2
You closely miss the orc priest.
The orc priest is moderately wounded.
You block the orc priest's attack.
You barely miss the orc priest.
The orc priest is moderately wounded.
The orc priest hits you with a +0 flail.
* * * LOW HITPOINT WARNING * * *
You hit the orc priest.
The orc priest suddenly seems more agile.
The orc priest is severely wounded.
You block the orc priest's attack.
You miss the orc priest.
The orc priest is severely wounded.
The orc priest hits you but does no damage. x2
You hit the orc priest.
The orc priest is almost dead.
The orc priest hits you but does no damage.
You closely miss the orc priest.
The orc priest is almost dead.
The orc priest looks satisfied for a moment.
You closely miss the orc priest.
The orc priest is almost dead.
The orc priest looks encouraged for a moment.
You completely miss the orc priest.
The orc priest is almost dead.
The orc priest casts a cantrip, but nothing happens.
The orc priest calls down the wrath of Beogh upon you.
Beogh smites you!
You die...

#.# #.###.#
#.# #..h..####
#.# ##...#...#
#.# #......#.#
(.# ##...#...#
### ##.###.##
### #.# #o#
######### #♣#
###.......####
#.#
....###......#
#.# #####
#.#.##.###.#
#.#........#
#.####.#####
#.####.#
#......#
########


You could see an orc priest (agile).

Vanquished Creatures
  A hound (D:4)
  Terence (D:2)
  4 adders (D:2)
  4 gnolls
  4 worms (D:2)
  2 dart slugs
  An orc (D:4)
  5 ball pythons
  4 bats
  6 endoplasms
  3 giant cockroaches
  3 goblins
  5 hobgoblins
  4 jackals (D:4)
  A quokka (D:1)
  A frilled lizard (D:2)
  5 kobolds
  7 rats
61 creatures vanquished.

Notes
Turn   | Place    | Note
-------+----------+-------------------------------------------
     0 | D:1      | Ijustatesigmund the Gargoyle Fighter began the quest for
                  | the Orb.
     0 | D:1      | Reached XP level 1. HP: 14/14 MP: 1/1
   148 | D:1      | Reached XP level 2. HP: 17/19 MP: 2/2
   528 | D:1      | Found a faded altar of an unknown god.
  1009 | D:2      | Reached XP level 3. HP: 20/23 MP: 3/3
  1301 | D:2      | Reached XP level 4. HP: 29/29 MP: 4/4
  1328 | D:2      | HP: 1/29 [gnoll/+0 halberd (5)]
  2009 | D:2      | Noticed Terence
  2023 | D:2      | Killed Terence
  2024 | D:2      | Reached XP level 5. HP: 21/33 MP: 5/5
  2761 | D:3      | Found a hide-covered altar of Uskayaw.
  3360 | D:4      | Gained mutation: Your skin changes colour to match your
                  | surroundings (Stealth+). [potion of mutation]
  3360 | D:4      | Gained mutation: You are dopey. (Int -2) [potion of
                  | mutation]
  3375 | D:4      | Killed from afar by an orc priest

Illustrated notes

Levels and vault maps discovered:
D:1:      dpeg_arrival_central, layout_loops_ring,
          hellmonk_ecumenical_altar_leap_of_faith, minmay_misc_feat_iff
D:2:      layout_loops_ring, eino_tiny_chamber, uniq_terence
D:3:      layout_basic, nicolae_uskayaw_suspiria, serial_shops,
          nicolae_shop_hallway_plus
D:4:      layout_loops_cross, mainiacjoe_overflow_alcove_4

Skill      XL: |  1  2  3  4 |
---------------+-------------+-----
Maces & Flails | 3 |  3.8
Fighting       | 4 |  4.4
Armour         | 4 |  4.0
Shields        | 4 |  4.1
Dodging        | |  0.8

Action                   |  1- 3 |  4- 6 || total
-------------------------+-------+-------++-------
Melee: Flail             |   119 |   142 ||   261
  Use: Potion            |       |     6 ||     6
       Scroll            |       |     3 ||     3
Armor: Scale mail        |    77 |    74 ||   151
       Skin              |       |     7 ||     7
Dodge: Dodged            |    60 |    63 ||   123
Block: Buckler           |    23 |    46 ||    69

Table legend: (Time is in decaauts)
 A = Elapsed time spent in this place.
 B = Non-inter-level travel time spent in this place.
 C = Inter-level travel time spent in this place.
 D = Time resting spent in this place.
 E = Time spent auto-exploring this place.
 F = Levels seen in this place.
 G = Mean time per level.
                   A        B        C        D        E       F      G
               +--------+--------+--------+--------+--------+-----+--------+
         Total |   3451 |   3405 |     46 |    859 |   1931 |   4 |  862.8 |
       Dungeon |   3451 |   3405 |     46 |    859 |   1931 |   4 |  862.8 |
               +--------+--------+--------+--------+--------+-----+--------+

Top non-repeatable levels by time:
     D:2: 1370 daAuts
     D:1: 997 daAuts
     D:3: 635 daAuts
     D:4: 448 daAuts
